 Dungeon Crawl Stone Soup version 0.21.1-1-g345015f (webtiles) character file.

53 snakesoul the Skirmisher (level 3, -1/29 HPs)
             Began as a Demonspawn Fighter on July 25, 2018.
             Slain by Crazy Yiuf
             ... wielding a +4 quarterstaff of chaos
              (3 damage)
             ... on level 2 of the Dungeon.
             The game lasted 00:03:51 (1473 turns).

snakesoul the Skirmisher (Demonspawn Fighter)       Turns: 1473, Time: 00:03:52

Health: -1/29      AC:  8    Str: 17    XL:     3   Next: 62%
Magic:  3/3        EV:  6    Int:  9    God:
Gold:   80         SH:  8    Dex: 12    Spells: 2/2 levels left

rFire    . . .     SeeInvis .   a - +0 war axe
rCold    . . .     Gourm    .   c - +0 shield
rNeg     . . .     Faith    .   b - +0 scale mail
rPois    .         Spirit   .   (helmet restricted)
rElec    .         Reflect  .   (no cloak)
rCorr    .         Harm     .   (no gloves)
MR       +....                  (no boots)
Stlth    ..........             (no amulet)
HPRegen  0.09/turn              m - ring of protection from magic
MPRegen  0.08/turn              (no ring)

@: no status effects
A: antennae 1, icy blue scales 1
a: no special abilities


You were on level 2 of the Dungeon.
You were not hungry.

You visited 1 branch of the dungeon, and saw 2 of its levels.

You collected 80 gold pieces.

Inventory:

Hand Weapons
 a - a +0 war axe (weapon)
Armour
 b - a +0 scale mail (worn)
 c - a +0 shield (worn)
Jewellery
 m - a ring of protection from magic (left hand)
Scrolls
 e - a scroll of blinking {unknown}
 h - 2 scrolls of teleportation {unknown}
 l - 2 scrolls of fear {unknown}
 n - 2 scrolls of identify {unknown}
 p - 2 scrolls of amnesia {unknown}
Potions
 d - a potion of might
 g - a potion of cancellation {unknown}
 i - a potion of flight {unknown}
 k - a potion of curing {unknown}
 o - a potion of lignification {unknown}
 q - a potion of agility {unknown}
Comestibles
 f - 5 rations


   Skills:
 + Level 3.6 Fighting
 * Level 3.2 Axes
 - Level 2.6 Armour
 - Level 2.6 Shields


You had 2 spell levels left.
You didn't know any spells.

Dungeon Overview and Level Annotations

Branches:
Dungeon (2/15)

Altars:

Annotations:
D:2 Crazy Yiuf


Innate Abilities, Weirdness & Mutations

You have a pair of small antennae on your head.
You are partially covered in icy blue scales. (AC +2)


Message History

Crazy Yiuf says, "Crazy?
Crazy!?
PORCUPINE!"
You block Crazy Yiuf's attack.
You slash Crazy Yiuf!
Crazy Yiuf is heavily wounded.
Crazy Yiuf barely misses you.
You hit Crazy Yiuf but do no damage.
Crazy Yiuf is heavily wounded.
Crazy Yiuf twirls on the spot.
You block Crazy Yiuf's attack.
Crazy Yiuf says, "Crazy?
Crazy!?
PORCUPINE!"
Crazy Yiuf hits you with a quarterstaff of chaos.
* * * LOW HITPOINT WARNING * * *
You hit Crazy Yiuf.
Crazy Yiuf is almost dead.
Crazy Yiuf whimpers, "Nubble!
You green broken."
You block Crazy Yiuf's attack.
You hit Crazy Yiuf.
Crazy Yiuf is almost dead.
Crazy Yiuf hits you with a quarterstaff of chaos.
You die...

#.#### ###
#....# #.# #.#
♣....♣ #.#
###.######
♣♣...♣ #.#
...).....###
♣♣.♣♣ #.#
...........#
♣♣.♣ #.# ##
###.####.###
♣.♣♣ #.# ##. #
#.# #(# ♣♣.♣ #.#
##.# # #.####.#
♣.♣♣ #.# #.##
###...##.# #@#
#####.# ##.#
....#.##.# #.g.#
#.....# ##.
###.#.##.# #...#
####### #. #
#.#.##.### #)..#
#. ###........#
##### #.
.........### #.
......#### ###
### #. #####.#
#.# #.# #. # #.#
#.#
###.###########.


You could see Crazy Yiuf.

Vanquished Creatures
  An ooze (D:1)
  3 worms (D:2)
  2 leopard geckos (D:1)
  5 bats
  2 giant cockroaches (D:2)
  2 goblins (D:1)
  3 hobgoblins (D:2)
  4 jackals (D:2)
  A ball python (D:2)
  2 frilled lizards (D:2)
  5 kobolds
  9 rats
39 creatures vanquished.

Notes
Turn   | Place    | Note
-------+----------+-------------------------------------------
     0 | D:1      | snakesoul the Demonspawn Fighter began the quest for the Orb.
     0 | D:1      | Reached XP level 1. HP: 18/18 MP: 1/1
   269 | D:1      | Gained mutation: You are partially covered in icy blue scales. (AC +2) [demonic ancestry]
   269 | D:1      | Reached XP level 2. HP: 19/24 MP: 2/2
   775 | D:2      | Gained mutation: You have a pair of small antennae on your head. [demonic ancestry]
   775 | D:2      | Reached XP level 3. HP: 27/29 MP: 3/3
  1102 | D:2      | Found a runed door.
  1465 | D:2      | Noticed Crazy Yiuf
  1473 | D:2      | Slain by Crazy Yiuf

Skill      XL: |  1  2  3 |
---------------+----------+-----
Axes           | 2 3 |  3.2
Fighting       | |  3.6
Armour         | |  2.6
Shields        | |  2.6

Action                   || total
-------------------------++-------
Melee: War axe           ||   119
  Eat: Chunk             ||     2
Armor: Scale mail        ||    64
Dodge: Dodged            ||    42
Block: Shield            ||    61
